PA
GWINNETT COUNTY BLACK CATS @ MANCELONA TORCH
07/13/2022
 
TOP OF THE 1ST
Gwinnett County Black Cats batting - Pitching for Mancelona Torch : RHP Germán Rodríguez
Pitching: RHP Germán Rodríguez
Batting: RHB Arturo Maldonado 0-0: Called Strike
0-1: Ball
1-1: Foul Ball, location: 2F
1-2: Ground out 6-3 (Groundball, 6)
Batting: LHB Kent Roberts 0-0: Called Strike
0-1: Called Strike
0-2: Ball
1-2: Ball
2-2: Foul Ball, location: 2F
2-2: Foul Ball, location: 2F
2-2: Foul Ball, location: 2F
2-2: Foul Ball, location: 2F
2-2: Fly out, F7 (Flyball, 7M)
Batting: RHB Vicente Espinoza 0-0: Called Strike
0-1: Ball
1-1: Ball
2-1: Swinging Strike
2-2: Ball
3-2: Foul Ball, location: 2F
3-2: Strikes out swinging
Top of the 1st over - 0 run(s), 0 hit(s), 0 error(s), 0 left on base; Gwinnett County 0 - Mancelona 0
BOTTOM OF THE 1ST
Mancelona Torch batting - Pitching for Gwinnett County Black Cats : RHP Ricardo Ramírez
Pitching: RHP Ricardo Ramírez
Batting: RHB Jim Unknown 0-0: SINGLE (Flyball, 7S)
Batting: RHB Jim Unknown 0-0: Called Strike
0-1: Grounds into double play, 1-6-3 (Groundball, 15S)
Batting: RHB Juan Carlos Cruz 0-0: Called Strike
0-1: Swinging Strike
0-2: Ball
1-2: Strikes out looking
Bottom of the 1st over - 0 run(s), 1 hit(s), 0 error(s), 0 left on base; Gwinnett County 0 - Mancelona 0
TOP OF THE 2ND
Gwinnett County Black Cats batting - Pitching for Mancelona Torch : RHP Germán Rodríguez
Batting: RHB Orlando Sánchez 0-0: Ball
1-0: Swinging Strike
1-1: Foul Ball, location: 2F
1-2: Strikes out swinging
Batting: RHB Ghislain Vespucci 0-0: Ball
1-0: Ball
2-0: Called Strike
2-1: Called Strike
2-2: Foul Ball, location: 2F
2-2: Ground out 4-3 (Groundball, 4)
Batting: RHB John Townsend 0-0: Foul Ball, location: 2F
0-1: Called Strike
0-2: Ball
1-2: Ball
2-2: Foul Ball, location: 2F
2-2: Ball
3-2: Strikes out swinging
Top of the 2nd over - 0 run(s), 0 hit(s), 0 error(s), 0 left on base; Gwinnett County 0 - Mancelona 0
BOTTOM OF THE 2ND
Mancelona Torch batting - Pitching for Gwinnett County Black Cats : RHP Ricardo Ramírez
Batting: RHB Freddy Carea 0-0: Fly out, F7 (Flyball, 7LD)
Batting: RHB Juan Báez 0-0: Ball
1-0: Ball
2-0: Foul Ball, location: 2F
2-1: Ball
3-1: Swinging Strike
3-2: Foul Ball, location: 2F
3-2: Base on Balls
Batting: RHB Henry Lambright 0-0: Ball
1-0: Foul Ball, location: 2F
1-1: Ball
2-1: Fielders Choice at 2nd, 4-6 (Groundball, 4)
Batting: LHB José Hernández 0-0: Ball
1-0: Ball
2-0: Fly out, F7 (Flyball, 78M)
Bottom of the 2nd over - 0 run(s), 0 hit(s), 0 error(s), 1 left on base; Gwinnett County 0 - Mancelona 0
TOP OF THE 3RD
Gwinnett County Black Cats batting - Pitching for Mancelona Torch : RHP Germán Rodríguez
Batting: RHB Ernesto Fernández 0-0: Foul Ball, location: 2F
0-1: Ball
1-1: SINGLE (Line Drive, 78S)
Batting: RHB Roberto Aguilar 0-0: Called Strike
0-1: Swinging Strike
0-2: 2-RUN HOME RUN (Line Drive, 9LD), Distance : 344 ft
Batting: RHB Aaron Taylor 0-0: Ball
1-0: Ball
2-0: Ball
3-0: Base on Balls
Batting: RHB Arturo Maldonado 0-0: Fielders Choice at 2nd, 1-6 (Groundball, 13)
Batting: LHB Kent Roberts 0-0: Ball
Arturo Maldonado steals 2nd base
1-0: Ball
2-0: Called Strike
2-1: Ball
3-1: Base on Balls
Batting: RHB Vicente Espinoza 0-0: Ball
1-0: SINGLE (Line Drive, 56)
Arturo Maldonado to third
Kent Roberts to second
Runner from 3rd tries for Home, SAFE, no throw or cutoff
Batting: RHB Orlando Sánchez 0-0: Grounds into double play, 6-4-3 (Groundball, 6)
Top of the 3rd over - 3 run(s), 3 hit(s), 0 error(s), 1 left on base; Gwinnett County 3 - Mancelona 0
BOTTOM OF THE 3RD
Mancelona Torch batting - Pitching for Gwinnett County Black Cats : RHP Ricardo Ramírez
Batting: RHB Bert Cook 0-0: Ball
1-0: SINGLE (Groundball, 4MD)
Batting: LHB Jim Unknown 0-0: Ball
1-0: DOUBLE (Line Drive, 5L)
Bert Cook to third
Batting: RHB Jim Unknown 0-0: Ball
1-0: Ball
2-0: Called Strike
2-1: Foul Ball, location: 2F
2-2: Strikes out looking
Batting: RHB Jim Unknown 0-0: Called Strike
0-1: Ball
1-1: Ball
Balk!
Bert Cook scores
Jim Unknown to third
2-1: Foul Ball, location: 2F
2-2: Ball
3-2: Ground out 3-1 (Groundball, 34)
Jim Unknown scores
Batting: RHB Juan Carlos Cruz 0-0: Ball
1-0: Fly out, F8 (Flyball, 8LM)
Bottom of the 3rd over - 2 run(s), 2 hit(s), 0 error(s), 0 left on base; Gwinnett County 3 - Mancelona 2
TOP OF THE 4TH
Gwinnett County Black Cats batting - Pitching for Mancelona Torch : RHP Germán Rodríguez
Batting: RHB Ghislain Vespucci 0-0: Ball
1-0: Called Strike
1-1: Called Strike
1-2: SINGLE (Groundball, 4MD)
Batting: RHB John Townsend 0-0: DOUBLE (Line Drive, 9LS)
Ghislain Vespucci to third
Batting: RHB Ernesto Fernández 0-0: Called Strike
0-1: Ball
1-1: Foul Ball, location: 2F
1-2: Ball
2-2: Fly out, F8 (Flyball, 8LM)
Runner from 3rd tags up, SCORES, throw made
Batting: RHB Roberto Aguilar 0-0: Called Strike
0-1: Ball
1-1: Ball
2-1: Ball
3-1: Called Strike
3-2: SINGLE (Line Drive, 6D)
John Townsend to third
Runner from 3rd tries for Home, SAFE, throw made home
Roberto Aguilar to second
Batting: RHB Aaron Taylor 0-0: Ball
1-0: Ground out 6-3 (Groundball, 6)
Roberto Aguilar to third
Batting: RHB Arturo Maldonado 0-0: Called Strike
0-1: Called Strike
0-2: Ball
1-2: Ball
2-2: Strikes out swinging
Top of the 4th over - 2 run(s), 3 hit(s), 0 error(s), 1 left on base; Gwinnett County 5 - Mancelona 2
BOTTOM OF THE 4TH
Mancelona Torch batting - Pitching for Gwinnett County Black Cats : RHP Ricardo Ramírez
Batting: RHB Freddy Carea 0-0: Called Strike
0-1: Swinging Strike
0-2: Foul Ball, location: 2F
0-2: Ball
1-2: Ball
2-2: Strikes out swinging
Batting: RHB Juan Báez 0-0: Called Strike
0-1: Ball
1-1: Swinging Strike
1-2: Ground out 5-3 (Groundball, 5)
Batting: RHB Henry Lambright 0-0: Ball
1-0: Ball
2-0: Foul Ball, location: 2F
2-1: Foul Ball, location: 2F
2-2: Foul Ball, location: 2F
2-2: Ball
3-2: Ground out 1-3 (Groundball, 13S)
Bottom of the 4th over - 0 run(s), 0 hit(s), 0 error(s), 0 left on base; Gwinnett County 5 - Mancelona 2
TOP OF THE 5TH
Gwinnett County Black Cats batting - Pitching for Mancelona Torch : RHP Germán Rodríguez
Batting: LHB Kent Roberts 0-0: Ball
1-0: Called Strike
1-1: Ball
2-1: Ball
3-1: Base on Balls
Batting: RHB Vicente Espinoza 0-0: Called Strike
0-1: Called Strike
0-2: Strikes out looking
Batting: RHB Orlando Sánchez 0-0: Foul Ball, location: 2F
0-1: Ball
1-1: SINGLE (Groundball, 56)
Kent Roberts to second
Batting: RHB Ghislain Vespucci 0-0: Called Strike
0-1: Called Strike
0-2: Ball
1-2: SINGLE (Groundball, 6MD)
Kent Roberts to third
Orlando Sánchez to second
Batting: RHB John Townsend 0-0: Fly out, F4 (Popup, 4)
Batting: RHB Ernesto Fernández 0-0: Ball
1-0: Ball
2-0: Ball
3-0: Base on Balls
Kent Roberts scores
Orlando Sánchez to third
Ghislain Vespucci to second
Pitching: RHP Jim Unknown
Batting: RHB Roberto Aguilar 0-0: Foul Ball, location: 2F
0-1: Ball
1-1: Called Strike
1-2: Fly out, F7 (Popup, 78S)
Top of the 5th over - 1 run(s), 2 hit(s), 0 error(s), 3 left on base; Gwinnett County 6 - Mancelona 2
BOTTOM OF THE 5TH
Mancelona Torch batting - Pitching for Gwinnett County Black Cats : RHP Ricardo Ramírez
Batting: LHB José Hernández 0-0: Called Strike
0-1: Swinging Strike
0-2: Ball
1-2: Strikes out swinging
Batting: RHB Bert Cook 0-0: Called Strike
0-1: Ball
1-1: SINGLE (Line Drive, 4M)
Batting: LHB Jim Unknown 0-0: Called Strike
0-1: Foul Ball, location: 2F
0-2: Ball
1-2: Ball
2-2: Strikes out swinging
Batting: RHB Jim Unknown 0-0: Ball
1-0: Fly out, F9 (Popup, 89S)
Bottom of the 5th over - 0 run(s), 1 hit(s), 0 error(s), 1 left on base; Gwinnett County 6 - Mancelona 2
TOP OF THE 6TH
Gwinnett County Black Cats batting - Pitching for Mancelona Torch : RHP Jim Unknown
Batting: RHB Aaron Taylor 0-0: Called Strike
0-1: Foul Ball, location: 2F
0-2: Ball
1-2: Ball
2-2: Fly out, F8 (Flyball, 8LS)
Batting: RHB Arturo Maldonado 0-0: Called Strike
0-1: Ground out 1-3 (Groundball, 13)
Batting: LHB Kent Roberts 0-0: Ball
1-0: SINGLE (Flyball, 89S)
Batting: RHB Vicente Espinoza 0-0: Ball
1-0: Foul Ball, location: 2F
1-1: Called Strike
Kent Roberts is caught stealing 2nd base
Top of the 6th over - 0 run(s), 1 hit(s), 0 error(s), 0 left on base; Gwinnett County 6 - Mancelona 2
BOTTOM OF THE 6TH
Mancelona Torch batting - Pitching for Gwinnett County Black Cats : RHP Ricardo Ramírez
Batting: RHB Jim Unknown 0-0: Ball
1-0: Called Strike
1-1: Ball
2-1: Ball
3-1: SINGLE (Groundball, 56D) (infield hit)
Batting: RHB Juan Carlos Cruz 0-0: Ball
Wild Pitch!
Jim Unknown to second
1-0: Ball
Wild Pitch!
Jim Unknown to third
2-0: Ball
3-0: Base on Balls
Batting: RHB Freddy Carea 0-0: Ball
Single, Error in OF, E7, batter to second base
Jim Unknown scores
Juan Carlos Cruz to third
Batting: RHB Juan Báez 0-0: Called Strike
0-1: Ball
1-1: Foul Ball, location: 2F
1-2: Ball
2-2: Foul Ball, location: 2F
2-2: Strikes out swinging
Batting: RHB Henry Lambright 0-0: Ball
1-0: Fly out, F9 (Line Drive, 9M)
Runner from 3rd tags up, SCORES, throw made
Batting: LHB José Hernández 0-0: Ball
1-0: Called Strike
1-1: Ball
2-1: Ball
3-1: Base on Balls
Pitching: RHP Maik Kruidenier
Batting: RHB Bert Cook 0-0: Ball
1-0: Ball
2-0: Called Strike
2-1: Called Strike
2-2: Ball
3-2: Foul Ball, location: 2F
3-2: SINGLE (Groundball, 4)
Freddy Carea to third
José Hernández to second
Freddy Carea scores
José Hernández to third
Batting: LHB Jim Unknown 0-0: Fly out, F9 (Flyball, 9M)
Bottom of the 6th over - 3 run(s), 3 hit(s), 1 error(s), 2 left on base; Gwinnett County 6 - Mancelona 5
TOP OF THE 7TH
Gwinnett County Black Cats batting - Pitching for Mancelona Torch : RHP Jim Unknown
Batting: RHB Vicente Espinoza 0-0: Ball
1-0: Ball
2-0: Foul Ball, location: 2F
2-1: Ground out 4-3 (Groundball, 4)
Batting: RHB Orlando Sánchez 0-0: Called Strike
0-1: Called Strike
0-2: Ball
1-2: Hit by Pitch
Pinch Hitting: LHB Jim Unknown 0-0: Ball
1-0: Foul Ball, location: 2F
1-1: Swinging Strike
1-2: Ball
2-2: Ball
3-2: Strikes out looking
Batting: RHB John Townsend 0-0: Swinging Strike
0-1: Ball
1-1: Ball
2-1: Ball
3-1: Foul Ball, location: 2F
3-2: Strikes out looking
Top of the 7th over - 0 run(s), 0 hit(s), 0 error(s), 1 left on base; Gwinnett County 6 - Mancelona 5
BOTTOM OF THE 7TH
Mancelona Torch batting - Pitching for Gwinnett County Black Cats : RHP Maik Kruidenier
Now at 2B: Jim Unknown
Batting: RHB Jim Unknown 0-0: Ball
1-0: SINGLE (Groundball, 5D)
Pinch Hitting: LHB Jim Unknown 0-0: Ball
1-0: Sac Bunt - play at first, batter OUT! 3-4
Jim Unknown to second
Batting: RHB Juan Carlos Cruz 0-0: Ground out 4-3 (Groundball, 34)
Jim Unknown to third
Batting: RHB Freddy Carea 0-0: Ball
Wild Pitch!
Jim Unknown scores
1-0: Ball
2-0: Ball
3-0: Called Strike
3-1: Base on Balls
Batting: RHB Juan Báez 0-0: Swinging Strike
0-1: Ball
1-1: Fielders Choice at 2nd, 5-4 (Groundball, 56)
Bottom of the 7th over - 1 run(s), 1 hit(s), 0 error(s), 0 left on base; Gwinnett County 6 - Mancelona 6
TOP OF THE 8TH
Gwinnett County Black Cats batting - Pitching for Mancelona Torch : RHP Jim Unknown
Now at 2B: Jim Unknown
Batting: RHB Ernesto Fernández 0-0: Called Strike
0-1: Ball
1-1: Ball
2-1: Ball
3-1: Foul Ball, location: 2F
3-2: Base on Balls
Pinch Runner at 1st Alfonso López:
Batting: RHB Roberto Aguilar 0-0: Bunted foul
0-1: Sac Bunt - play at first, batter OUT! 2-4
Alfonso López to second
Batting: RHB Aaron Taylor 0-0: Ball
1-0: Ball
2-0: Ball
3-0: Called Strike
3-1: Base on Balls
Batting: RHB Arturo Maldonado 0-0: Fly out, F7 (Line Drive, 7M)
Batting: LHB Kent Roberts 0-0: Called Strike
0-1: Ball
1-1: Called Strike
1-2: Foul Ball, location: 2F
1-2: Ground out 4-3 (Groundball, 4)
Top of the 8th over - 0 run(s), 0 hit(s), 0 error(s), 2 left on base; Gwinnett County 6 - Mancelona 6
BOTTOM OF THE 8TH
Mancelona Torch batting - Pitching for Gwinnett County Black Cats : RHP Maik Kruidenier
Batting: RHB Henry Lambright 0-0: Ball
1-0: Foul Ball, location: 2F
1-1: Ball
2-1: Foul Ball, location: 2F
2-2: Strikes out looking
Batting: LHB José Hernández 0-0: Ball
1-0: Called Strike
1-1: SINGLE (Line Drive, 56D)
Batting: RHB Bert Cook 0-0: Called Strike
José Hernández is caught stealing 2nd base
0-1: Swinging Strike
0-2: Ball
1-2: Ground out 6-3 (Groundball, 6)
Bottom of the 8th over - 0 run(s), 1 hit(s), 0 error(s), 0 left on base; Gwinnett County 6 - Mancelona 6
TOP OF THE 9TH
Gwinnett County Black Cats batting - Pitching for Mancelona Torch : RHP Jim Unknown
Pitching: LHP Jim Unknown
Pinch Hitting: RHB Gerardo Bramante 0-0: Ball
1-0: DOUBLE (Line Drive, 7LM)
Batting: RHB Orlando Sánchez 0-0: Intentional Walk
Pinch Runner at 2nd Jim Unknown:
Batting: RHB Jim Unknown 0-0: Called Strike
0-1: Swinging Strike
0-2: DOUBLE (Line Drive, 7LS)
Jim Unknown scores
Orlando Sánchez to third
Batting: RHB John Townsend 0-0: Called Strike
0-1: Swinging Strike
0-2: Foul Ball, location: 2F
0-2: Ball
1-2: Strikes out swinging
Batting: RHB Alfonso López 0-0: Intentional Walk
Batting: RHB Roberto Aguilar 0-0: Ball
1-0: Ball
2-0: Ball
3-0: Called Strike
3-1: Swinging Strike
3-2: Base on Balls
Orlando Sánchez scores
Jim Unknown to third
Alfonso López to second
Batting: RHB Aaron Taylor 0-0: Called Strike
0-1: Swinging Strike
0-2: Foul Ball, location: 2F
0-2: Ball
1-2: Strikes out swinging
Batting: RHB Arturo Maldonado 0-0: Called Strike
0-1: Swinging Strike
0-2: Strikes out swinging
Top of the 9th over - 2 run(s), 2 hit(s), 0 error(s), 3 left on base; Gwinnett County 8 - Mancelona 6
BOTTOM OF THE 9TH
Mancelona Torch batting - Pitching for Gwinnett County Black Cats : RHP Maik Kruidenier
Pitching: RHP Eduardo Villa
Now in RF: Jim Unknown
Batting: LHB Jim Unknown 0-0: Ball
1-0: Fly out, F8 (Flyball, 8RM)
Batting: RHB Jim Unknown 0-0: Called Strike
0-1: Ball
1-1: Ball
2-1: Ground out 4-3 (Groundball, 4M)
Batting: SHB Jim Unknown 0-0: Ball
1-0: Swinging Strike
1-1: SINGLE (Groundball, 34D)
Batting: RHB Juan Carlos Cruz 0-0: Ball
1-0: Swinging Strike
1-1: Ball
2-1: SINGLE (Line Drive, 8LS)
Jim Unknown to second
Batting: RHB Freddy Carea 0-0: Ball
1-0: Swinging Strike
1-1: Ball
2-1: Foul Ball, location: 2F
2-2: Strikes out swinging
Bottom of the 9th over - 0 run(s), 2 hit(s), 0 error(s), 2 left on base; Gwinnett County 8 - Mancelona 6
This league is powered by Out of the Park Baseball, the baseball management simulation game for PC, Mac and Linux
Friday, April 15th, 2016 - OOTP Baseball 16.9 Build 39